PA
SOUTH BEACH BLAZE @ LOUISIANA DRAGOONS
09/05/2023
 
TOP OF THE 1ST
South Beach Blaze batting - Pitching for Louisiana Dragoons : LHP António Bruno
Pitching: LHP António Bruno
Batting: LHB Jesús Reyes 0-0: Foul Ball, location: 2F
0-1: Swinging Strike
0-2: Strikes out swinging
Batting: RHB Sergio Anruvio 0-0: Swinging Strike
0-1: Hit by Pitch
Batting: LHB Miguel Pacheco 0-0: Ball
1-0: Called Strike
1-1: Ball
2-1: Ball
Wild Pitch!
Sergio Anruvio to second
3-1: Foul Ball, location: 2F
3-2: Base on Balls
Batting: RHB Gerjan de Best 0-0: Ball
1-0: Ball
2-0: Ball
3-0: Called Strike
3-1: DOUBLE (Flyball, 7LM)
Sergio Anruvio scores
Miguel Pacheco to third
Batting: RHB Wade Killefer 0-0: Ball
1-0: Ball
2-0: Ball
3-0: Base on Balls
Batting: LHB Tomás Mejía 0-0: SINGLE (Line Drive, 34D)
Miguel Pacheco scores
Gerjan de Best to third
Wade Killefer to second
Runner from 3rd tries for Home, SAFE, no throw or cutoff
Batting: SHB José Rico 0-0: Ball
1-0: Ball
2-0: Called Strike
2-1: Ball
3-1: Called Strike
3-2: Foul Ball, location: 2F
3-2: Base on Balls
Wade Killefer to third
Tomás Mejía to second
Batting: LHB Joe Sutton 0-0: Foul Ball, location: 2F
0-1: Foul Ball, location: 2F
0-2: Ball
1-2: Ball
2-2: Strikes out swinging
Batting: RHB Nick Ross 0-0: Called Strike
0-1: Foul Ball, location: 2F
0-2: Strikes out swinging
Top of the 1st over - 3 run(s), 2 hit(s), 0 error(s), 3 left on base; South Beach 3 - Louisiana 0
BOTTOM OF THE 1ST
Louisiana Dragoons batting - Pitching for South Beach Blaze : RHP Calvin Beck
Pitching: RHP Calvin Beck
Batting: RHB Sancho Rodríguez 0-0: Fly out, F8 (Flyball, 8LM)
Batting: RHB Jaime Cruz 0-0: Called Strike
0-1: Ground out 4-3 (Groundball, 34)
Batting: LHB Juan Gabriel 0-0: Called Strike
0-1: Foul Ball, location: 2F
0-2: Ball
1-2: Fly out, F9 (Flyball, 89M)
Bottom of the 1st over - 0 run(s), 0 hit(s), 0 error(s), 0 left on base; South Beach 3 - Louisiana 0
TOP OF THE 2ND
South Beach Blaze batting - Pitching for Louisiana Dragoons : LHP António Bruno
Batting: LHB Jesús Reyes 0-0: Ball
1-0: Called Strike
1-1: Called Strike
1-2: Foul Ball, location: 2F
1-2: Ball
2-2: TRIPLE (Flyball, 9D)
Batting: RHB Sergio Anruvio 0-0: Ball
1-0: Called Strike
1-1: SINGLE (Flyball, 89S)
Jesús Reyes scores
Batting: LHB Miguel Pacheco 0-0: Called Strike
0-1: Ball
1-1: Foul Ball, location: 2F
1-2: Foul Ball, location: 2F
1-2: Ball
2-2: Foul Ball, location: 2F
2-2: Ball
3-2: Foul Ball, location: 2F
3-2: Base on Balls
Sergio Anruvio to second
Batting: RHB Gerjan de Best 0-0: Called Strike
0-1: Called Strike
0-2: Foul Ball, location: 2F
0-2: SINGLE (Line Drive, 89S)
Sergio Anruvio to third
Miguel Pacheco to second
Runner from 3rd tries for Home, SAFE, no throw or cutoff
Batting: RHB Wade Killefer 0-0: Called Strike
0-1: Ball
1-1: Ball
2-1: DOUBLE (Line Drive, 7LM)
Miguel Pacheco scores
Gerjan de Best to third
Batting: LHB Tomás Mejía 0-0: Called Strike
0-1: Foul Ball, location: 2F
0-2: Ball
1-2: Fly out, F6 (Popup, 6S)
Batting: SHB José Rico 0-0: Ball
1-0: DOUBLE (Popup, 9LS)
Gerjan de Best scores
Wade Killefer scores
Pitching: RHP Jorge Rosales
Batting: LHB Joe Sutton 0-0: Called Strike
0-1: Swinging Strike
0-2: Strikes out swinging
Batting: RHB Nick Ross 0-0: Called Strike
0-1: Ground out 5-3 (Groundball, 56)
Top of the 2nd over - 5 run(s), 5 hit(s), 0 error(s), 1 left on base; South Beach 8 - Louisiana 0
BOTTOM OF THE 2ND
Louisiana Dragoons batting - Pitching for South Beach Blaze : RHP Calvin Beck
Batting: RHB Roberto Hernández 0-0: Ball
1-0: Called Strike
1-1: Fly out, F6 (Popup, 6D)
Batting: SHB Francisco Valentín 0-0: Ball
1-0: Ball
2-0: Foul Ball, location: 2F
2-1: Foul Ball, location: 2F
2-2: Foul Ball, location: 2F
2-2: Foul Ball, location: 2F
2-2: Strikes out looking
Batting: RHB Marshall Lamar 0-0: Called Strike
0-1: Ball
1-1: Ball
2-1: DOUBLE (Line Drive, 4MD)
Batting: RHB Kevin Johnson 0-0: Called Strike
0-1: Foul Ball, location: 2F
0-2: Ball
1-2: Ball
2-2: Strikes out swinging
Bottom of the 2nd over - 0 run(s), 1 hit(s), 0 error(s), 1 left on base; South Beach 8 - Louisiana 0
TOP OF THE 3RD
South Beach Blaze batting - Pitching for Louisiana Dragoons : RHP Jorge Rosales
Batting: LHB Jesús Reyes 0-0: Ball
1-0: Swinging Strike
1-1: SINGLE (Flyball, 8LM)
Batting: RHB Sergio Anruvio 0-0: Called Strike
0-1: Fly out, F7 (Flyball, 7M)
Batting: LHB Miguel Pacheco 0-0: Ball
Jesús Reyes steals 2nd base
1-0: Swinging Strike
1-1: Foul Ball, location: 2F
1-2: Foul Ball, location: 2F
1-2: Foul Ball, location: 2F
1-2: Foul Ball, location: 2F
1-2: Ball
2-2: Foul Ball, location: 2F
2-2: Ball
3-2: Strikes out swinging
Batting: RHB Gerjan de Best 0-0: Called Strike
0-1: Ground out 5-3 (Groundball, 5L)
Top of the 3rd over - 0 run(s), 1 hit(s), 0 error(s), 1 left on base; South Beach 8 - Louisiana 0
BOTTOM OF THE 3RD
Louisiana Dragoons batting - Pitching for South Beach Blaze : RHP Calvin Beck
Batting: RHB Eduardo Rivera 0-0: Ball
1-0: Foul Ball, location: 2F
1-1: Ball
2-1: Foul Ball, location: 2F
2-2: Strikes out swinging
Batting: RHB Fernando Rutledge 0-0: Swinging Strike
0-1: Ball
1-1: Foul Ball, location: 2F
1-2: Ball
2-2: Foul Ball, location: 2F
2-2: Ball
3-2: Strikes out swinging
Batting: RHB Sancho Rodríguez 0-0: Ball
1-0: Ball
2-0: Swinging Strike
2-1: Called Strike
2-2: Strikes out looking
Bottom of the 3rd over - 0 run(s), 0 hit(s), 0 error(s), 0 left on base; South Beach 8 - Louisiana 0
TOP OF THE 4TH
South Beach Blaze batting - Pitching for Louisiana Dragoons : RHP Jorge Rosales
Batting: RHB Wade Killefer 0-0: Called Strike
0-1: Foul Ball, location: 2F
0-2: Ball
1-2: Ball
2-2: Ball
3-2: Ground out 6-3 (Groundball, 6)
Batting: LHB Tomás Mejía 0-0: SINGLE (Line Drive, 9S)
Batting: SHB José Rico 0-0: Ball
1-0: Grounds into double play, 4-6-3 (Groundball, 4)
Top of the 4th over - 0 run(s), 1 hit(s), 0 error(s), 0 left on base; South Beach 8 - Louisiana 0
BOTTOM OF THE 4TH
Louisiana Dragoons batting - Pitching for South Beach Blaze : RHP Calvin Beck
Batting: RHB Jaime Cruz 0-0: Ball
1-0: Bunt for hit - play at first, batter OUT! 5-3
Batting: LHB Juan Gabriel 0-0: Ball
1-0: Called Strike
1-1: Called Strike
1-2: Ball
2-2: Ball
3-2: Base on Balls
Batting: RHB Roberto Hernández 0-0: Swinging Strike
0-1: Fly out, F3 (Popup, 3DF)
Batting: SHB Francisco Valentín 0-0: SINGLE (Line Drive, 34D)
Juan Gabriel to second
Batting: RHB Marshall Lamar 0-0: Foul Ball, location: 2F
0-1: Called Strike
0-2: Strikes out swinging
Bottom of the 4th over - 0 run(s), 1 hit(s), 0 error(s), 2 left on base; South Beach 8 - Louisiana 0
TOP OF THE 5TH
South Beach Blaze batting - Pitching for Louisiana Dragoons : RHP Jorge Rosales
Batting: LHB Joe Sutton 0-0: Foul Ball, location: 2F
0-1: Called Strike
0-2: Foul Ball, location: 2F
0-2: Ball
1-2: Ball
2-2: Strikes out looking
Batting: RHB Nick Ross 0-0: Ball
1-0: Fly out, F4 (Popup, 4)
Batting: LHB Jesús Reyes 0-0: Ground out 1-3 (Groundball, 15)
Top of the 5th over - 0 run(s), 0 hit(s), 0 error(s), 0 left on base; South Beach 8 - Louisiana 0
BOTTOM OF THE 5TH
Louisiana Dragoons batting - Pitching for South Beach Blaze : RHP Calvin Beck
Batting: RHB Kevin Johnson 0-0: Called Strike
0-1: Ground out 6-3 (Groundball, 6)
Batting: RHB Eduardo Rivera 0-0: Ball
1-0: DOUBLE (Flyball, 89M)
Batting: RHB Fernando Rutledge 0-0: SINGLE (Groundball, 15S) (infield hit)
Eduardo Rivera to third
Batting: RHB Sancho Rodríguez 0-0: Ball
1-0: Called Strike
Fernando Rutledge steals 2nd base
1-1: Foul Ball, location: 2F
1-2: Ball
2-2: Ground out 6-3 (Groundball, 6)
Eduardo Rivera scores
Fernando Rutledge to third
Batting: RHB Jaime Cruz 0-0: Called Strike
0-1: Fly out, F4 (Popup, 34)
Bottom of the 5th over - 1 run(s), 2 hit(s), 0 error(s), 1 left on base; South Beach 8 - Louisiana 1
TOP OF THE 6TH
South Beach Blaze batting - Pitching for Louisiana Dragoons : RHP Jorge Rosales
Batting: RHB Sergio Anruvio 0-0: Swinging Strike
0-1: Called Strike
0-2: Foul Ball, location: 2F
0-2: Ball
1-2: Foul Ball, location: 2F
1-2: Strikes out swinging
Batting: LHB Miguel Pacheco 0-0: Foul Ball, location: 2F
0-1: Foul Ball, location: 2F
0-2: Foul Ball, location: 2F
0-2: Ball
1-2: Ball
2-2: Strikes out looking
Batting: RHB Gerjan de Best 0-0: Swinging Strike
0-1: Ball
1-1: Called Strike
1-2: Strikes out swinging
Top of the 6th over - 0 run(s), 0 hit(s), 0 error(s), 0 left on base; South Beach 8 - Louisiana 1
BOTTOM OF THE 6TH
Louisiana Dragoons batting - Pitching for South Beach Blaze : RHP Calvin Beck
Batting: LHB Juan Gabriel 0-0: Ball
1-0: Ball
2-0: Ball
3-0: Called Strike
3-1: Fly out, F8 (Flyball, 8LM)
Batting: RHB Roberto Hernández 0-0: Ball
1-0: DOUBLE (Line Drive, 78M)
Batting: SHB Francisco Valentín 0-0: Swinging Strike
0-1: Fly out, F8 (Flyball, 8RM)
Batting: RHB Marshall Lamar 0-0: Ground out U3 (Groundball, 3)
Bottom of the 6th over - 0 run(s), 1 hit(s), 0 error(s), 1 left on base; South Beach 8 - Louisiana 1
TOP OF THE 7TH
South Beach Blaze batting - Pitching for Louisiana Dragoons : RHP Jorge Rosales
Batting: RHB Wade Killefer 0-0: Called Strike
0-1: Hit by Pitch
Batting: LHB Tomás Mejía 0-0: Called Strike
0-1: Fly out, F5 (Popup, 5SF)
Batting: SHB José Rico 0-0: Called Strike
0-1: Called Strike
0-2: Ball
1-2: Ball
2-2: Strikes out swinging
Batting: LHB Joe Sutton 0-0: Fly out, F8 (Line Drive, 8RS)
Top of the 7th over - 0 run(s), 0 hit(s), 0 error(s), 1 left on base; South Beach 8 - Louisiana 1
BOTTOM OF THE 7TH
Louisiana Dragoons batting - Pitching for South Beach Blaze : RHP Calvin Beck
Batting: RHB Kevin Johnson 0-0: Called Strike
0-1: Ball
1-1: Fly out, F9 (Flyball, 89M)
Batting: RHB Eduardo Rivera 0-0: Ground out 1-3 (Groundball, 13)
Batting: RHB Fernando Rutledge 0-0: Called Strike
0-1: Ground out 5-3 (Groundball, 56S)
Bottom of the 7th over - 0 run(s), 0 hit(s), 0 error(s), 0 left on base; South Beach 8 - Louisiana 1
TOP OF THE 8TH
South Beach Blaze batting - Pitching for Louisiana Dragoons : RHP Jorge Rosales
Pinch Hitting: RHB Dimian Menres 0-0: Called Strike
0-1: Ball
1-1: Swinging Strike
1-2: TRIPLE (Line Drive, 7LM)
Batting: LHB Jesús Reyes 0-0: Ball
1-0: Foul Ball, location: 2F
1-1: SINGLE (Groundball, 15) (infield hit)
Batting: RHB Sergio Anruvio 0-0: Fly out, F3 (Popup, 3F)
Batting: LHB Miguel Pacheco 0-0: DOUBLE (Line Drive, 78M)
Dimian Menres scores
Jesús Reyes to third
Batting: RHB Gerjan de Best 0-0: Ball
1-0: Ball
2-0: Ball
3-0: Swinging Strike
3-1: Base on Balls
Pitching: LHP Claudio Avelardo
Batting: RHB Wade Killefer 0-0: Ball
1-0: Grounds into double play, 6-4-3 (Groundball, 6)
Top of the 8th over - 1 run(s), 3 hit(s), 0 error(s), 2 left on base; South Beach 9 - Louisiana 1
BOTTOM OF THE 8TH
Louisiana Dragoons batting - Pitching for South Beach Blaze : RHP Calvin Beck
Now in LF: Dimian Menres
Batting: RHB Sancho Rodríguez 0-0: Ball
1-0: Fly out, F8 (Flyball, 8RM)
Batting: RHB Jaime Cruz 0-0: Bunt for hit - play at first, batter OUT! 2-3
Batting: LHB Juan Gabriel 0-0: Fly out, F8 (Flyball, 8LS)
Bottom of the 8th over - 0 run(s), 0 hit(s), 0 error(s), 0 left on base; South Beach 9 - Louisiana 1
TOP OF THE 9TH
South Beach Blaze batting - Pitching for Louisiana Dragoons : LHP Claudio Avelardo
Pinch Hitting: RHB Alfonso Baca 0-0: Fly out, F7 (Line Drive, 78M)
Batting: SHB José Rico 0-0: Called Strike
0-1: Ball
1-1: Ball
2-1: DOUBLE (Groundball, 5L)
Batting: LHB Joe Sutton 0-0: Ball
1-0: Ball
2-0: Foul Ball, location: 2F
2-1: Foul Ball, location: 2F
2-2: Ball
3-2: Base on Balls
Batting: RHB Dimian Menres 0-0: Called Strike
0-1: Swinging Strike
0-2: Ball
1-2: Strikes out swinging
Batting: LHB Jesús Reyes 0-0: Ball
1-0: Called Strike
1-1: Called Strike
1-2: Foul Ball, location: 2F
1-2: SINGLE (Line Drive, 56)
José Rico to third
Joe Sutton to second
Runner from 3rd tries for Home, SAFE, no throw or cutoff
Batting: RHB Sergio Anruvio 0-0: Foul Ball, location: 2F
0-1: Fly out, F8 (Flyball, 8LM)
Top of the 9th over - 1 run(s), 2 hit(s), 0 error(s), 2 left on base; South Beach 10 - Louisiana 1
BOTTOM OF THE 9TH
Louisiana Dragoons batting - Pitching for South Beach Blaze : RHP Calvin Beck
Now in CF: Héctor Santandreu
Batting: RHB Roberto Hernández 0-0: Called Strike
0-1: Called Strike
0-2: Strikes out swinging
Batting: SHB Francisco Valentín 0-0: Ball
1-0: SINGLE (Groundball, 56D)
Batting: RHB Marshall Lamar 0-0: Ball
1-0: Fly out, F9 (Line Drive, 9M)
Batting: RHB Kevin Johnson 0-0: Fly out, F9 (Flyball, 9M)
Bottom of the 9th over - 0 run(s), 1 hit(s), 0 error(s), 1 left on base; South Beach 10 - Louisiana 1
This league is powered by Out of the Park Baseball, the baseball management simulation game for PC, Mac and Linux
Friday, July 8th, 2016 - OOTP Baseball 16.9 Build 39